 Dungeon Crawl Stone Soup version 0.22-a0-274-gf8199ec (webtiles) character file.

676 tidbits the Chiller (level 7, -1/51 HPs)
             Began as a Gnoll Ice Elementalist on Mar 14, 2018.
             Was an Initiate of Cheibriados.
             Slain by a two-headed ogre
             ... wielding a +0 giant club
              (8 damage)
             ... on level 8 of the Dungeon.
             The game lasted 00:13:35 (1432 turns).

tidbits the Chiller (Gnoll Ice Elementalist)        Turns: 1432, Time: 00:13:36

Health: -1/51      AC: 10    Str: 11    XL:     7   Next: 59%
Magic:  15/15      EV: 15    Int: 20    God:    Cheibriados [......]
Gold:   190        SH:  0    Dex: 17    Spells: 3/17 levels left

rFire    + . .     SeeInvis +   b - +0 long sword
rCold    . . .     Gourm    .   (no shield)
rNeg     . . .     Faith    .   e - +0 robe
rPois    .         Spirit   .   (no helmet)
rElec    .         Reflect  .   (no cloak)
rCorr    .         Harm     .   (no gloves)
MR       .....                  (no boots)
Stlth    +++.......             t - amulet of rage
HPRegen  0.17/turn              I - ring of see invisible
MPRegen  0.14/turn              (no ring)

@: icy armour, very slightly contaminated, very slow
A: distributed training, fangs 1, thin metallic scales 1, fire resistance 1,
strong nose
a: Bend Time, Renounce Religion, Evoke Berserk Rage


You were on level 8 of the Dungeon.
You worshipped Cheibriados.
Cheibriados was noncommittal.
You were hungry.

You visited 2 branches of the dungeon, and saw 9 of its levels.

You collected 190 gold pieces.

Inventory:

Hand Weapons
 a - a +0 dagger
 b - a +0 long sword (weapon)
 d - a +0 hand axe of chopping
   (You found it on level 2 of the Dungeon)
 p - a +0 short sword
Missiles
 g - 63 arrows
 s - 10 stones (quivered)
Armour
 e - a +0 robe (worn)
 n - a +0 buckler
Jewellery
 t - an amulet of rage (around neck)
   (You found it on level 3 of the Dungeon)
 I - a ring of see invisible (left hand)
   (You found it on level 6 of the Dungeon)
Wands
 o - a wand of enslavement (6)
Scrolls
 j - a scroll of blinking
 l - a scroll of fear
 m - a scroll of enchant weapon
 q - 3 scrolls of teleportation
Potions
 h - a potion of haste {unknown}
 k - 2 potions of heal wounds
 r - 2 potions of curing
 u - a potion of mutation {!q}
Comestibles
 c - 7 rations


   Skills:
 + Level 2.5 Fighting
 + Level 2.5 Short Blades
 + Level 2.5 Long Blades
 + Level 2.5 Axes
 + Level 2.5 Maces & Flails
 + Level 2.5 Polearms
 + Level 2.5 Staves
 + Level 2.5 Slings
 + Level 2.5 Bows
 + Level 2.5 Crossbows
 + Level 2.5 Throwing
 + Level 2.5 Armour
 + Level 5.2 Dodging
 + Level 4.9 Stealth
 + Level 2.5 Shields
 + Level 2.5 Unarmed Combat
 + Level 5.6 Spellcasting
 + Level 3.0 Conjurations
 + Level 2.0 Hexes
 + Level 2.0 Charms
 + Level 2.0 Summonings
 + Level 2.0 Necromancy
 + Level 2.0 Translocations
 + Level 2.0 Transmutations
 + Level 2.0 Fire Magic
 + Level 5.8 Ice Magic
 + Level 2.0 Air Magic
 + Level 2.0 Earth Magic
 + Level 2.0 Poison Magic
 + Level 2.8 Invocations
 + Level 2.5 Evocations


You had 3 spell levels left.
You knew the following spells:

 Your Spells              Type           Power        Failure   Level  Hunger
a - Freeze                Ice            ####         1%          1    None
i - Throw Icicle          Conj/Ice       ###.....     17%         4    ####...
j - Throw Frost           Conj/Ice       ###...       2%          2    None
o - Ozocubu's Armour      Chrm/Ice       ###.....     6%          3    ##.....
B - Summon Ice Beast      Ice/Summ       ###.....     21%         4    ####...


Dungeon Overview and Level Annotations

Branches:
Dungeon (8/15)             Temple (1/1) D:7
   Lair: D:8-11

Altars:
Ashenzari
Cheibriados
Dithmenos
Elyvilon
Fedhas
Gozag
Hepliaklqana
Kikubaaqudgha
Makhleb
Nemelex Xobeh
Okawaru
Qazlal
Sif Muna
Trog
Uskayaw
Wu Jian
Zin
The Shining One


Innate Abilities, Weirdness & Mutations

Your experience applies equally to all skills.
You have very sharp teeth.
Your uncanny sense of smell can sniff out nearby items.
You are partially covered in thin metallic scales. (AC +2)
Your flesh is heat resistant. (rF+)


Message History

What are your orders? t - Bark!
Orders for allies: a - Attack new target. p - Attack previous target. r - Retreat! s - Stop attacking. g - Guard the area. f - Follow me.
Anything else - Cancel.
Retreat in which direction?
Press: ? - help, Dir - move target cursor, p - two-headed ogre Fall back!
b - a +0 long sword (weapon)
Casting: Freeze (safe; 1% risk of failure)
Confirm with . or Enter, or press ? or * to list all spells.
You can't see any susceptible monsters within range! (Use Z to cast anyway.)
Casting: Freeze (safe; 1% risk of failure)
Confirm with . or Enter, or press ? or * to list all spells.
You can't see any susceptible monsters within range! (Use Z to cast anyway.) Unknown command.
Adjust (i)tems, (s)pells, or (a)bilities?
Adjust which spell?
Okay, then.
Casting: Freeze (safe; 1% risk of failure)
Confirm with . or Enter, or press ? or * to list all spells.
Aiming: Throw Frost (safe; 2% risk of failure)
Press: ? - help, Shift-Dir - straight line, f - two-headed ogre
Aim: a two-headed ogre, wielding a giant club and a dire flail of holy wrath (in your thrall, friendly) Really fire at your two-headed ogre?
The puff of frost hits your two-headed ogre.
Your two-headed ogre is lightly wounded.
The two-headed ogre is no longer charmed.
The two-headed ogre shouts in stereo!
Casting: Throw Frost (safe; 2% risk of failure)
Confirm with . or Enter, or press ? or * to list all spells.
Aiming: Throw Frost (safe; 2% risk of failure)
Press: ? - help, Shift-Dir - straight line, f/p - two-headed ogre
Aim: a two-headed ogre, wielding a giant club and a dire flail of holy wrath (lightly wounded)
The puff of frost hits the two-headed ogre.
The two-headed ogre is moderately wounded.
Casting: Throw Frost (safe; 2% risk of failure)
Confirm with . or Enter, or press ? or * to list all spells.
Aiming: Throw Icicle (slightly dangerous; 17% risk of failure)
Press: ? - help, Shift-Dir - straight line, f/p - two-headed ogre
Aim: a two-headed ogre, wielding a giant club and a dire flail of holy wrath (moderately wounded)
You miscast Throw Icicle.
You are very lightly contaminated with residual magic.
Wisps of condensation drift from your hands.
You are feeling hungry.
Casting: Throw Icicle (slightly dangerous; 17% risk of failure)
Confirm with . or Enter, or press ? or * to list all spells.
Aiming: Throw Icicle (slightly dangerous; 17% risk of failure)
Press: ? - help, Shift-Dir - straight line, f/p - two-headed ogre
Aim: a two-headed ogre, wielding a giant club and a dire flail of holy wrath (moderately wounded)
The shard of ice hits the two-headed ogre.
The two-headed ogre is severely wounded.
Casting: Throw Icicle (slightly dangerous; 17% risk of failure)
Confirm with . or Enter, or press ? or * to list all spells.
Aiming: Freeze (safe; 1% risk of failure)
Press: ? - help, Shift-Dir - straight line, f/p - two-headed ogre
Aim: a two-headed ogre, wielding a giant club and a dire flail of holy wrath (severely wounded)
You freeze the two-headed ogre.
The two-headed ogre is severely wounded.
The two-headed ogre closely misses you.
You riposte.
You hit the two-headed ogre.
The two-headed ogre is severely wounded.
The two-headed ogre misses you.
Casting: Freeze (safe; 1% risk of failure)
Confirm with . or Enter, or press ? or * to list all spells.
Aiming: Freeze (safe; 1% risk of failure)
Press: ? - help, Shift-Dir - straight line, f/p - two-headed ogre
Aim: a two-headed ogre, wielding a giant club and a dire flail of holy wrath (severely wounded)
You freeze the two-headed ogre.
The two-headed ogre is severely wounded.
The two-headed ogre closely misses you.
The two-headed ogre hits you with a dire flail of holy wrath.
Casting: Freeze (safe; 1% risk of failure)
Confirm with . or Enter, or press ? or * to list all spells.
Aiming: Freeze (safe; 1% risk of failure)
Press: ? - help, Shift-Dir - straight line, f/p - two-headed ogre
Aim: a two-headed ogre, wielding a giant club and a dire flail of holy wrath (severely wounded)
You freeze the two-headed ogre.
The two-headed ogre is severely wounded.
The two-headed ogre hits you with a giant club!
The two-headed ogre hits you with a dire flail of holy wrath!
Casting: Freeze (safe; 1% risk of failure)
Confirm with . or Enter, or press ? or * to list all spells.
Aiming: Freeze (safe; 1% risk of failure)
Press: ? - help, Shift-Dir - straight line, f/p - two-headed ogre
Aim: a two-headed ogre, wielding a giant club and a dire flail of holy wrath (severely wounded)
You freeze the two-headed ogre.
The two-headed ogre is almost dead.
Unknown command.
Okay, then.
Evoke which item? (* to show all) (? for menu, Esc to quit)
Okay, then.
Okay, then.
Unknown command.
Magic courses through your body.
The two-headed ogre hits you with a giant club!!
* * * LOW HITPOINT WARNING * * *
The two-headed ogre hits you with a dire flail of holy wrath!
You die...

∆###########
#.........#
#.........#
#.........#
#....O....#
#.....@...#
#.........#
#...##....#
+... ##)...#
#.. #.....#
#. #.....# #
#.....#
#.....#
##..<.#


You could see a two-headed ogre.

Vanquished Creatures
  2 ogres
  A bullfrog (D:6)
  A scorpion (D:5)
  A centaur zombie (D:6)
  A bullfrog zombie (D:5)
  An orc priest (D:7)
  2 hounds (D:6)
  2 orc wizards (D:7)
  Terence (D:2)
  3 worker ants
  4 adders
  An adder zombie (D:7)
  An ooze (D:2)
  A worm (D:3)
  5 leopard geckos
  6 orcs (D:7)
  A ball python (D:2)
  2 bats (D:1)
  A giant cockroach (D:1)
  4 goblins
  4 hobgoblins
  3 jackals (D:1)
  3 kobolds (D:2)
  A quokka (D:2)
  A quokka skeleton (D:4)
53 creatures vanquished.

Notes
Turn   | Place    | Note
-------+----------+-------------------------------------------
     0 | D:1      | tidbits the Gnoll Ice Elementalist began the quest for the Orb.
     0 | D:1      | Reached XP level 1. HP: 13/13 MP: 6/6
    84 | D:1      | Reached skill level 2 in Conjurations
   101 | D:1      | Reached XP level 2. HP: 19/19 MP: 3/7
   105 | D:1      | Learned a level 2 spell: Throw Frost
   206 | D:2      | Noticed Terence
   211 | D:2      | Killed Terence
   211 | D:2      | Reached skill level 5 in Spellcasting
   211 | D:2      | Reached skill level 1 in Invocations
   211 | D:2      | Reached XP level 3. HP: 12/25 MP: 3/9
   247 | D:2      | Learned a level 3 spell: Ozocubu's Armour
   271 | D:2      | Reached skill level 1 in Fighting
   271 | D:2      | Reached skill level 1 in Short Blades
   271 | D:2      | Reached skill level 1 in Long Blades
   271 | D:2      | Reached skill level 1 in Axes
   271 | D:2      | Reached skill level 1 in Maces & Flails
   271 | D:2      | Reached skill level 1 in Polearms
   271 | D:2      | Reached skill level 1 in Staves
   271 | D:2      | Reached skill level 1 in Slings
   271 | D:2      | Reached skill level 1 in Bows
   271 | D:2      | Reached skill level 1 in Crossbows
   271 | D:2      | Reached skill level 1 in Throwing
   271 | D:2      | Reached skill level 1 in Armour
   271 | D:2      | Reached skill level 1 in Shields
   271 | D:2      | Reached skill level 1 in Unarmed Combat
   271 | D:2      | Reached skill level 1 in Evocations
   310 | D:2      | Reached XP level 4. HP: 14/32 MP: 8/11
   385 | D:3      | Found an iron altar of Okawaru.
   468 | D:4      | Noticed a slave
   468 | D:4      | Noticed a slave
   470 | D:4      | Noticed a slave
   470 | D:4      | Noticed a slave
   588 | D:4      | Found an ornate altar of the Wu Jian Council.
   689 | D:5      | Entered Level 5 of the Dungeon
   700 | D:5      | Reached skill level 1 in Hexes
   700 | D:5      | Reached skill level 1 in Charms
   700 | D:5      | Reached skill level 1 in Summonings
   700 | D:5      | Reached skill level 1 in Necromancy
   700 | D:5      | Reached skill level 1 in Translocations
   700 | D:5      | Reached skill level 1 in Transmutations
   700 | D:5      | Reached skill level 1 in Fire Magic
   700 | D:5      | Reached skill level 1 in Air Magic
   700 | D:5      | Reached skill level 1 in Earth Magic
   700 | D:5      | Reached skill level 1 in Poison Magic
   700 | D:5      | Reached XP level 5. HP: 37/37 MP: 12/12
   729 | D:4      | Noticed an ogre
   747 | D:4      | Killed an ogre
   794 | D:4      | Found a sparkling altar of Nemelex Xobeh.
   794 | D:4      | Found a white marble altar of Elyvilon.
   795 | D:4      | Found a shattered altar of Ashenzari.
   812 | D:4      | Reached XP level 6. HP: 25/44 MP: 13/13
   824 | D:4      | Gained mutation: Your muscles are strong. (Str +2) [potion of mutation]
   824 | D:4      | Gained mutation: You are partially covered in thin metallic scales. (AC +2) [potion of mutation]
   824 | D:4      | Lost mutation: Your muscles are strong. (Str +2) [potion of mutation]
   824 | D:4      | Gained mutation: Your flesh is heat resistant. (rF+) [potion of mutation]
   910 | D:5      | Reached skill level 2 in Invocations
   947 | D:5      | Reached skill level 5 in Dodging
   952 | D:5      | Noticed an ice beast
   986 | D:6      | Reached skill level 2 in Fighting
   986 | D:6      | Reached skill level 2 in Short Blades
   986 | D:6      | Reached skill level 2 in Long Blades
   986 | D:6      | Reached skill level 2 in Axes
   986 | D:6      | Reached skill level 2 in Maces & Flails
   986 | D:6      | Reached skill level 2 in Polearms
   986 | D:6      | Reached skill level 2 in Staves
   986 | D:6      | Reached skill level 2 in Slings
   986 | D:6      | Reached skill level 2 in Bows
   986 | D:6      | Reached skill level 2 in Crossbows
   986 | D:6      | Reached skill level 2 in Throwing
   986 | D:6      | Reached skill level 2 in Armour
   986 | D:6      | Reached skill level 2 in Shields
   986 | D:6      | Reached skill level 2 in Unarmed Combat
   986 | D:6      | Reached skill level 2 in Evocations
  1072 | D:6      | Reached XP level 7. HP: 50/50 MP: 8/15
  1208 | D:7      | Reached skill level 2 in Hexes
  1208 | D:7      | Reached skill level 2 in Charms
  1208 | D:7      | Reached skill level 2 in Summonings
  1208 | D:7      | Reached skill level 2 in Necromancy
  1208 | D:7      | Reached skill level 2 in Translocations
  1208 | D:7      | Reached skill level 2 in Transmutations
  1208 | D:7      | Reached skill level 2 in Fire Magic
  1208 | D:7      | Reached skill level 2 in Air Magic
  1208 | D:7      | Reached skill level 2 in Earth Magic
  1208 | D:7      | Reached skill level 2 in Poison Magic
  1238 | D:7      | Found a staircase to the Ecumenical Temple.
  1259 | Temple   | Entered the Ecumenical Temple
  1302 | Temple   | Became a worshipper of Cheibriados the Contemplative
  1323 | Temple   | Learned a level 4 spell: Throw Icicle
  1328 | Temple   | Learned a level 4 spell: Summon Ice Beast
  1379 | D:7      | Noticed a yak
  1407 | D:8      | Reached skill level 3 in Conjurations
  1409 | D:8      | Noticed a two-headed ogre
  1432 | D:8      | Slain by a two-headed ogre

Vault maps used:
D:1:      dpeg_arrival_rooms_with_view
D:2:      uniq_terence
D:3:      lemuel_crystal_altar
D:4:      kennysheep_mini_moat, gammafunk_temple_overflow_claw, uniq_duvessa,
          uniq_pikel
D:5:      old_standard_altar, yredelemnul_forgotten_temple_becter, first_ration
D:6:      xom_teletrap_fun
D:7:      minmay_temple_entry_statues
D:8:      uniq_erica
Temple:   nicolae_temple_god_jail

Skill      XL: |  1  2  3  4  5  6  7 |
---------------+----------------------+-----
Conjurations   | 2 3 |  3.0
Spellcasting   | 5 |  5.6
Invocations    | 1 2 |  2.8
Fighting       | 1 2 |  2.5
Short Blades   | 1 2 |  2.5
Long Blades    | 1 2 |  2.5
Axes           | 1 2 |  2.5
Maces & Flails | 1 2 |  2.5
Polearms       | 1 2 |  2.5
Staves         | 1 2 |  2.5
Slings         | 1 2 |  2.5
Bows           | 1 2 |  2.5
Crossbows      | 1 2 |  2.5
Throwing       | 1 2 |  2.5
Armour         | 1 2 |  2.5
Shields        | 1 2 |  2.5
Unarmed Combat | 1 2 |  2.5
Evocations     | 1 2 |  2.5
Hexes          | 1 2 |  2.0
Charms         | 1 2 |  2.0
Summonings     | 1 2 |  2.0
Necromancy     | 1 2 |  2.0
Translocations | 1 2 |  2.0
Transmutations | 1 2 |  2.0
Fire Magic     | 1 2 |  2.0
Air Magic      | 1 2 |  2.0
Earth Magic    | 1 2 |  2.0
Poison Magic   | 1 2 |  2.0
Dodging        | 5 |  5.2
Stealth        | |  4.9
Ice Magic      | |  5.8

Action                   |  1- 3 |  4- 6 |  7- 9 || total
-------------------------+-------+-------+-------++-------
Melee: Short sword       |    10 |     1 |       ||    11
       Bite              |     1 |     2 |       ||     3
       Long sword        |       |    14 |     8 ||    22
       Dagger            |       |     4 |     3 ||     7
Throw: Stone             |       |       |     2 ||     2
 Cast: Freeze            |    20 |    21 |    20 ||    61
       Throw Frost       |       |     3 |     4 ||     7
       Ozocubu's Armour  |       |     3 |     3 ||     6
       Throw Icicle      |       |       |     1 ||     1
 Abil: Evoke Berserk Rag |       |     3 |       ||     3
Evoke: Wand              |       |       |     1 ||     1
  Use: Scroll            |       |     9 |     1 ||    10
       Potion            |       |     1 |     3 ||     4
 Stab: Sleeping          |     3 |     4 |     2 ||     9
  Eat: Ration            |       |     1 |       ||     1
       Chunk             |       |       |     1 ||     1
Armor: Robe              |     2 |     3 |    11 ||    16
Dodge: Dodged            |    14 |    26 |    22 ||    62
       Rpst.: Long sword |       |     3 |     8 ||    11

Table legend:
 A = Spawn XP
 B = Non-spawn XP
 C = Spawn XP percentage of total XP
 D = Spawn monster count
 E = Non-spawn monster count
 F = Spawn count percentage of total count
 G = Total turns spent on level
                    A         B        C        D         E        F      G
               +---------+---------+-------+---------+---------+-------+---------
         Total |       0 |     966 |   0.0 |       0 |      53 |   0.0 |  1432
               +---------+---------+-------+---------+---------+-------+---------
           D:1 |       0 |      21 |   0.0 |       0 |      10 |   0.0 |   186
           D:2 |       0 |      61 |   0.0 |       0 |      11 |   0.0 |   179
           D:3 |       0 |      37 |   0.0 |       0 |       6 |   0.0 |   169
           D:4 |       0 |     159 |   0.0 |       0 |       4 |   0.0 |   328
           D:5 |       0 |     184 |   0.0 |       0 |       5 |   0.0 |   106
           D:6 |       0 |     219 |   0.0 |       0 |       4 |   0.0 |   150
           D:7 |       0 |     169 |   0.0 |       0 |      12 |   0.0 |   210
           D:8 |       0 |     116 |   0.0 |       0 |       1 |   0.0 |    34
               +---------+---------+-------+---------+---------+-------+---------

Table legend:
 A = Turns spent in this place as a percentage of turns spent in the entire game.
 B = Non-inter-level travel turns spent in this place as a percentage of non-inter-level travel turns spent in the entire game.
 C = Inter-level travel turns spent in this place as a percentage of turns spent in this place.
 D = Turns resting spent in this place as a percentage of non-inter-level travel turns spent in this place.
 E = Turns spent auto-exploring this place as a percentage of non-inter-level travel turns spent in this place.
 F = Non-inter-level travel turns spent in this place divided by the number of levels of this place that you've seen.
                   A       B       C       D       E      F
               +-------+-------+-------+-------+-------+----------------------
         Total | 100.0 | 100.0 |   1.0 |   0.0 |   0.0 | 157.4
       Dungeon |  95.1 |  96.1 |   0.0 |   0.0 |   0.0 | 170.2
        Temple |   4.9 |   3.9 |  21.4 |   0.0 |   0.0 |  55.0
               +-------+-------+-------+-------+-------+----------------------

Table legend:
 A = Kills in this place as a percentage of kills in entire the game.
 B = Kills by you in this place as a percentage of kills by you in the entire game.
 C = Kills by friends in this place as a percentage of kills by friends in the entire game.
 D = Other kills in this place as a percentage of other kills in the entire game.
 E = Experience gained in this place as a percentage of experience gained in the entire game.
 F = Experience gained in this place divided by the number of levels of this place that you have seen.
                   A       B       C       D       E      F
               +-------+-------+-------+-------+-------+----------------------
         Total | 100.0 | 100.0 |   N/A |   N/A | 100.0 | 107.3
       Dungeon | 100.0 | 100.0 |   N/A |   N/A | 100.0 | 120.8
               +-------+-------+-------+-------+-------+----------------------

Vault maps used:
D:1:      dpeg_arrival_rooms_with_view
D:2:      uniq_terence
D:3:      lemuel_crystal_altar
D:4:      kennysheep_mini_moat, gammafunk_temple_overflow_claw, uniq_duvessa,
          uniq_pikel
D:5:      old_standard_altar, yredelemnul_forgotten_temple_becter, first_ration
D:6:      xom_teletrap_fun
D:7:      minmay_temple_entry_statues
D:8:      uniq_erica
Temple:   nicolae_temple_god_jail
